 Dungeon Crawl Stone Soup version 0.17-a0-1842-gacc33f2 (webtiles) character file.

1379 Kolbur the Spear-Bearer (level 8, -3/61 HPs)
             Began as a Merfolk Ice Elementalist on Sept 17, 2015.
             Slain by a wyvern zombie (9 damage)
             ... on level 7 of the Dungeon.
             The game lasted 01:01:20 (3301 turns).

Kolbur the Spear-Bearer (Merfolk Ice Elementalist)  Turns: 3301, Time: 01:01:20

Health: -3/61      AC:  5    Str:  8    XL:     8   Next: 66%
Magic:  2/12       EV: 15    Int: 16    God:
Gold:   158        SH:  5    Dex: 15    Spells: 3 memorised, 4 levels left

rFire  . . .     SeeInvis .     a - +0 trident
rCold  . . .     Clarity  .     k - +0 robe
rNeg   . . .     SustAt   .     (no shield)
rPois  .         Gourm    .     p - +0 helmet
rElec  .         Spirit   .     (no cloak)
rCorr  .         Warding  .     z - +0 pair of gloves
rMut   .         Stasis   .     y - +0 pair of boots
MR     .....                    (no amulet)
Stlth  +++.......               (no ring)
                                F - ring of stealth

@: icy shield, not resistant to hostile enchantments, fairly stealthy
A: change form in water, swift swim
a: no special abilities


You were on level 7 of the Dungeon.
You were not hungry.

You visited 1 branch of the dungeon, and saw 7 of its levels.
You also visited: Sewer.

You collected 158 gold pieces.

Inventory:

Hand weapons
 a - a +0 trident (weapon)
 h - a +0 dagger
 o - a +0 halberd
 E - a +1 dagger of holy wrath
Missiles
 d - 80 stones
 C - 3 tomahawks (quivered)
 I - a throwing net
Armour
 k - a +0 robe (worn)
 p - a +0 helmet (worn)
 y - a +0 pair of boots (worn)
 z - a +0 pair of gloves (worn)
Jewellery
 A - an uncursed amulet of stasis
 F - a ring of stealth (left hand)
Magical devices
 x - a wand of polymorph (8)
Scrolls
 f - a scroll of amnesia
 g - 3 scrolls of remove curse
 i - a scroll of enchant armour {unknown}
 q - 2 scrolls of fear
 r - a scroll of magic mapping
 s - 2 scrolls of blinking
 w - a scroll of noise {unknown}
 D - 2 scrolls of identify
 G - a scroll of teleportation {unknown}
Potions
 e - 2 potions of brilliance {unknown}
 l - 3 potions of flight
 m - 2 potions of magic {unknown}
 n - 7 potions of curing
 t - a potion of might {unknown}
 u - 2 potions of heal wounds {unknown}
 v - a potion of agility {unknown}
 B - 3 potions of lignification {unknown}
Books
 b - a book of Frost

   Spells                             Type                      Level
   a - Freeze                         Ice                          1
   b - Throw Frost                    Conjuration/Ice              2
   c - Ozocubu's Armour               Charms/Ice                   3
   d - Throw Icicle                   Conjuration/Ice              4
   e - Summon Ice Beast               Ice/Summoning                4
   f - Condensation Shield            Ice                          4
Comestibles
 c - 4 bread rations
 j - a meat ration
 H - a chunk of flesh


   Skills:
 + Level 4.7 Fighting
 * Level 9.2 Polearms
 + Level 5.9 Dodging
 - Level 2.1 Stealth
 + Level 2.8 Spellcasting
   Level 0.7 Conjurations
 - Level 6.0 Ice Magic


You had 4 spell levels left.
You knew the following spells:

 Your Spells              Type           Power        Failure   Level  Hunger
a - Freeze                Ice            ###.         1%          1    #......
o - Ozocubu's Armour      Chrm/Ice       ##......     17%         3    ###....
s - Condensation Shield   Ice            ###.......   17%         4    #####..


Dungeon Overview and Level Annotations

Branches:
Dungeon (7/15)
 Temple: D:4-7

Altars:
Dithmenos
Elyvilon
Gozag
Xom

Shops:
D:4 *

Annotations:
D:5 Zooty's ghost, experienced HuBe
D:6 Dowan; Duvessa
D:7 Pikel


Message History

Casting: Freeze
Confirm with . or Enter, or press ? or * to list all spells.
A crackling disc of dense vapour forms in the air!
You are too injured to fight recklessly!
Attack whom?
Press: ? - help, Dir - move target cursor, f - wyvern zombie
Aim: a wyvern zombie You reach to attack!
You hit the wyvern zombie but do no damage.
You hit the wyvern zombie. The wyvern zombie closely misses you.
The wyvern zombie closely misses you.
You hit the wyvern zombie.
Your icy armour evaporates.
The wyvern zombie bites you!
* * * LOW HITPOINT WARNING * * *
Read which item? (? for menu, Esc to quit)
As you read the scroll of fear, it crumbles to dust.
You assume a fearsome visage.
The wyvern zombie is unaffected.
The wyvern zombie bites you!
You die...

###... #### ##..#####
##.......##########
##.................###
#..<..........@.......
#############Z########
#.## ..# ..# [.## #


You could see a wyvern zombie.

Vanquished Creatures
  Sigmund (D:6)
  Edmund (D:5)
  A slave (D:6)
  A black bear (D:6)
  A phantom (D:5)
  Blork the orc (D:6)
  4 giant frogs
  A scorpion (D:5)
  A crimson imp (D:4)
  2 hounds
  A jelly (D:6)
  A centaur zombie (D:5)
  2 worker ants
  A hound skeleton (D:6)
  12 adders
  6 gnolls (D:6)
  A worker ant zombie (D:6)
  A shadow imp (D:6)
  3 river rats (Sewer)
  3 oozes
  2 adder skeletons
  An adder zombie (D:6)
  3 giant geckos
  7 orcs
  10 ball pythons
  8 goblins
  7 hobgoblins
  4 jackals (D:2)
  3 kobolds (D:1)
  5 bats
  7 giant cockroaches
  3 giant newts
  29 rats
134 creatures vanquished.

Notes
Turn   | Place    | Note
--------------------------------------------------------------
     0 | D:1      | Kolbur the Merfolk Ice Elementalist began the quest for the Orb.
     0 | D:1      | Reached XP level 1. HP: 13/13 MP: 3/3
   128 | D:1      | Reached skill level 4 in Ice Magic
   128 | D:1      | Reached XP level 2. HP: 5/19 MP: 0/5
   355 | D:2      | Found a shadowy altar of Dithmenos.
   374 | D:2      | Reached XP level 3. HP: 16/24 MP: 2/6
   379 | D:2      | Learned a level 3 spell: Ozocubu's Armour
   421 | D:2      | Reached skill level 1 in Polearms
   806 | D:3      | Found a glowing drain.
   814 | D:3      | Reached XP level 4. HP: 21/30 MP: 0/7
   822 | Sewer    | Entered a sewer
  1020 | Sewer    | Reached skill level 5 in Ice Magic
  1066 | Sewer    | Reached XP level 5. HP: 21/35 MP: 0/8
  1089 | Sewer    | Learned a level 4 spell: Condensation Shield
  1347 | Sewer    | Reached skill level 1 in Fighting
  1353 | Sewer    | Noticed a giant frog
  1353 | Sewer    | Noticed a giant frog
  1382 | Sewer    | Killed a giant frog
  1382 | Sewer    | Reached skill level 5 in Polearms
  1382 | Sewer    | Reached XP level 6. HP: 15/44 MP: 7/9
  1390 | Sewer    | Killed a giant frog
  1557 | D:4      | Found an opulent altar of Gozag.
  1562 | D:4      | Found Gozag's Platinum Reserve.
  1604 | D:4      | Reached skill level 6 in Polearms
  1814 | D:5      | Entered Level 5 of the Dungeon
  1842 | D:6      | Noticed Sigmund
  1849 | D:6      | Killed Sigmund
  1849 | D:6      | Reached XP level 7. HP: 37/52 MP: 4/10
  1868 | D:6      | Noticed Dowan
  1872 | D:6      | Reached skill level 7 in Polearms
  1873 | D:6      | Noticed Duvessa
  1905 | D:5      | Noticed Edmund
  2011 | D:5      | Killed Edmund
  2051 | D:5      | HP: 1/52 [centaur skeleton (5)]
  2144 | D:5      | Found a shimmering altar of Xom.
  2371 | D:5      | Noticed Zooty's ghost (experienced HuBe)
  2489 | D:5      | Reached skill level 5 in Dodging
  2489 | D:5      | Reached XP level 8. HP: 16/60 MP: 2/11
  2499 | D:5      | Reached skill level 8 in Polearms
  2776 | D:6      | Found a white marble altar of Elyvilon.
  2843 | D:6      | Noticed Blork the orc
  3116 | D:6      | Killed Blork the orc
  3116 | D:6      | Reached skill level 9 in Polearms
  3165 | D:7      | Noticed Pikel
  3301 | D:7      | Slain by a wyvern zombie

Vault maps used:
D:1:      evilmike_arrival_run_for_it, nrook_mini_vaults
D:2:      nicolae_dithmenos_shadow_blocks, lemuel_round_altar, zin_purify,
          first_bread, hangedman_decor_opposing
D:3:      portal_sewer_entry_d, fountainhead, hangedman_feature_mirror,
          uniq_crazy_yiuf_cottage
D:4:      nicolae_gozag_zags_fifth_avenue
D:5:      basic_altar, uniq_edmund
D:6:      basic_altar, uniq_blork_the_orc, uniq_sigmund, uniq_duvessa
D:7:      black_bear_nest_1, makhleb_heckhound_becter,
          lemuel_temple_firewalk_marked, st_stairs_6, uniq_pikel
Sewer:    sewer_minmay_w

Action                   |  1- 3 |  4- 6 |  7- 9 || total
-------------------------+-------+-------+-------++-------
Melee: Short sword       |     6 |       |       ||     6
       Unarmed           |     1 |       |       ||     1
       Dagger            |     6 |     1 |       ||     7
       Spear             |    35 |   140 |    78 ||   253
       Trident           |       |       |   115 ||   115
Throw: Stone             |       |    30 |    18 ||    48
 Cast: Freeze            |    65 |    69 |    66 ||   200
       Ozocubu's Armour  |       |     1 |    15 ||    16
       Condensation Shie |       |       |     1 ||     1
  Use: Scroll            |       |     3 |     9 ||    12
       Potion            |       |     1 |       ||     1
 Stab: Sleeping          |     5 |     6 |     1 ||    12
  Eat: Chunk             |     1 |     5 |     3 ||     9
       Meat ration       |       |       |     1 ||     1
